 Dungeon Crawl Stone Soup version 0.14-a0-2964-g8dc6adb (webtiles) character file.

755 Psiweapon the Bolt Thrower (level 7, -4/38 HPs)
             Began as a Kobold Hunter on Mar 5, 2014.
             Slain by a gnoll
             ... wielding a +0,+0 flail
              (9 damage)
             ... on Level 7 of the Dungeon.
             The game lasted 00:17:43 (5438 turns).

Psiweapon the Bolt Thrower (Kobold Hunter)          Turns: 5438, Time: 00:17:43

HP  -4/38        AC  3     Str 12      XL: 7   Next: 62%
MP   7/7         EV 17     Int  9      God:
Gold 177         SH  0     Dex 17      Spells:  0 memorised,  6 levels left

rFire  . . .     SeeInvis .     b - +1 crossbow
rCold  . . .     Clarity  .     d - +0 leather armour
rNeg   + . .     Conserve .     (no shield)
rPois  .         rCorr    .     (no helmet)
rElec  .         rRot     .     (no cloak)
SustAb . .       Spirit   .     (no gloves)
rMut   .         Warding  +     (no boots)
Saprov + + .     Stasis   .     h - amulet of warding {unknown}
MR     .....                    (no ring)
                                t - +4 ring of evasion

@: not resistant to hostile enchantments, quite stealthy
A: disease resistance, carnivore 3, saprovore 2
a: no special abilities


You were on level 7 of the Dungeon.
You were completely stuffed.

You visited 2 branches of the dungeon, and saw 8 of its levels.

You collected 177 gold pieces.

Inventory:

Hand weapons
 a - a +0,+0 short sword
 b - a +1,+1 crossbow (weapon)
 G - a +2,+1 cutlass
Missiles
 c - 7 bolts (quivered)
 q - 4 tomahawks
Armour
 d - a +0 leather armour (worn)
Magical devices
 y - a wand of confusion (1)
Comestibles
 f - 2 meat rations
 w - a sausage
 H - a rotting chunk of giant cockroach flesh
 I - a cheese
Scrolls
 e - 5 scrolls of remove curse
 g - a scroll of amnesia {unknown}
 i - a scroll of immolation {unknown}
 j - 2 scrolls of recharging {unknown}
 k - 2 scrolls of magic mapping {unknown}
 n - a scroll of enchant armour {unknown}
 o - a scroll of enchant weapon II {unknown}
 s - 5 scrolls of identify {unknown}
 u - a scroll of fog {unknown}
 v - 3 scrolls of fear {unknown}
 F - a scroll of teleportation {unknown}
Jewellery
 h - an amulet of warding (around neck) {unknown}
 m - an uncursed ring of ice
 t - a +4 ring of evasion (left hand)
Potions
 l - 2 potions of brilliance {unknown}
 p - 2 potions of restore abilities {unknown}
 r - a potion of agility {unknown}
 x - a potion of poison {unknown}
 z - a potion of resistance {unknown}
 A - a potion of magic {unknown}
 B - a potion of heal wounds {unknown}
 C - 2 potions of confusion {unknown}
 D - a potion of berserk rage {unknown}


   Skills:
 - Level 1.1 Fighting
 + Level 5.6 Short Blades
 + Level 7.1 Crossbows
 - Level 2.4 Dodging
 + Level 6.3 Stealth


You had 6 spell levels left.
You didn't know any spells.

Dungeon Overview and Level Annotations

Branches:
Dungeon (7/16)             Temple (1/1) D:5

Altars:
Ashenzari
Cheibriados
Elyvilon
Fedhas
Kikubaaqudgha
Makhleb
Vehumet
Xom
Yredelemnul
Zin
The Shining One

Shops:
D:4 (   D:5 (   D:6 (


Innate Abilities, Weirdness & Mutations

You recuperate from illness quickly.
You are small and have problems with some larger weapons.
You are carnivorous and can eat meat at any time.
You can eat rotten meat.


Message History

Aim: a gnoll, wielding a flail You shoot a bolt.
The bolt hits the gnoll.
The gnoll hits you with a flail!
* * * LOW HITPOINT WARNING * * *
The gnoll misses you.
Found a scroll labeled APIM SMAUXT.
You see here 12 poisoned needles.
You smell something rotten. (slot H) Some of the chunks of flesh in your inventory have completely rotted away.
There is a stone staircase leading down here.
The gnoll hits you with a flail!
* * * LOW HITPOINT WARNING * * *
You climb downwards.
There is a stone staircase leading up here.
Firing (i - inventory. (,) - cycle):
c - 8 bolts (quivered)
Press: ? - help, Shift-Dir - straight line, f - gnoll
Aim: a gnoll, wielding a flail You shoot a bolt.
The bolt hits the gnoll.
The gnoll is lightly wounded.
The gnoll hits you with a flail!
You die...

#..
#.....
#.....#
#.....#
#.....#
#.....#
#.....#
#.....#
#@g...#
#######


You could see a gnoll.

Vanquished Creatures
  A phantom (D:6)
  An ogre (D:5)
  A hound (D:4)
  A giant frog skeleton (D:6)
  An orc wizard (D:3)
  6 worker ants
  An ogre zombie (D:6)
  5 adders
  A giant mite (D:5)
  3 worms
  3 giant geckos
  4 oozes
  7 orcs
  6 bats
  5 giant cockroaches
  9 goblins
  7 hobgoblins
  9 kobolds
  A quokka (D:2)
  6 giant newts
  8 jackals
  8 rats
94 creatures vanquished.

Notes
Turn   | Place    | Note
--------------------------------------------------------------
     0 | D:1      | Psiweapon, the Kobold Hunter, began the quest for the Orb.
     0 | D:1      | Reached XP level 1. HP: 12/12 MP: 1/1
   145 | D:1      | Reached skill level 1 in Short Blades
   186 | D:1      | Reached skill level 5 in Crossbows
   204 | D:1      | Reached XP level 2. HP: 14/16 MP: 2/2
   825 | D:2      | Reached XP level 3. HP: 17/20 MP: 3/3
  1914 | D:3      | Reached XP level 4. HP: 23/25 MP: 4/4
  2438 | D:4      | Found Marufues' Weapon Shoppe.
  2454 | D:4      | Reached XP level 5. HP: 19/29 MP: 5/5
  2866 | D:4      | Reached skill level 6 in Crossbows
  3017 | D:4      | Reached XP level 6. HP: 34/34 MP: 6/6
  3498 | D:4      | Reached skill level 5 in Stealth
  3553 | D:5      | Entered Level 5 of the Dungeon
  3589 | D:5      | Got a shimmering leather armour
  3601 | D:5      | Identified the cursed +2 leather armour of the Sun {Str-4 Int+1} (You found it on level 5 of the Dungeon)
  3629 | D:5      | Found a snail-covered altar of Cheibriados.
  3642 | D:5      | Found a staircase to the Ecumenical Temple.
  3651 | Temple   | Entered the Ecumenical Temple
  4221 | D:5      | Found Myunifry's Weapon Shop.
  4364 | D:5      | Found a glowing golden altar of the Shining One.
  5004 | D:5      | Reached skill level 5 in Short Blades
  5004 | D:5      | Reached XP level 7. HP: 38/38 MP: 7/7
  5167 | D:6      | Found a white marble altar of Elyvilon.
  5206 | D:6      | Reached skill level 7 in Crossbows
  5243 | D:6      | Found Miackesa's Antique Weapon Shop.
  5438 | D:7      | Slain by a gnoll

Action                   |  1- 3 |  4- 6 |  7- 9 || total
-------------------------+-------+-------+-------++-------
Melee: Short sword       |    92 |   102 |     4 ||   198
       Cutlass           |       |       |    11 ||    11
 Fire: Crossbow          |    16 |    77 |    13 ||   106
Throw: Tomahawk          |    20 |    42 |     1 ||    63
Evoke: Wand              |       |     1 |     3 ||     4
  Use: Scroll            |       |     1 |       ||     1
 Stab: Sleeping          |     2 |     5 |     3 ||    10
